 Dungeon Crawl Stone Soup version 0.28.0-53-g5a82cb258f (webtiles) character file.

Game seed: 11758310689146908113

69280 firemarshallily the Warrior (level 14, -2/223 HPs)
             Began as a Minotaur Gladiator on June 14, 2022.
             Was a Follower of Uskayaw.
             Slain by a tentacled starspawn (28 damage)
             ... on level 2 of the Abyss.
             The game lasted 02:01:18 (29006 turns).

firemarshallily the Warrior (Minotaur Gladiator)   Turns: 29006, Time: 02:01:19

Health: -2/223     AC: 20    Str: 29    XL:     14   Next: 89%
Magic:  18/18      EV: 18    Int:  5    God:    Uskayaw [*.....]
Gold:   1036       SH:  0    Dex: 13    Spells: 13/13 levels left

rFire   . . .      SeeInvis .   u - +5 mace (drain)
rCold   . . .      Faith    .   K - +3 buckler
rNeg    . . .      Spirit   .   G - +1 acid dragon scales
rPois   .          Reflect  .   c - +2 hat
rElec   .          Harm     .   (no cloak)
rCorr   +          Rampage  .   i - +2 pair of gloves
Will    +....                   b - +2 pair of boots
Stlth   ..........              (no amulet)
HPRegen 0.47/turn               f - +6 ring of strength
MPRegen 0.16/turn               T - +4 ring of evasion

@: confused, mighty, berserking, ambrosia-drunk, invisible, very quick
A: horns 2, retaliatory headbutt, claws 1
a: Renounce Religion, Stomp


You were on level 2 of the Abyss.
You worshipped Uskayaw.
Uskayaw was noncommittal.
You visited 2 branches of the dungeon, and saw 18 of its levels.
You visited the Abyss 1 time.
You also visited: Sewer and Volcano.

You collected 1353 gold pieces.
You spent 317 gold pieces at shops.

Inventory:

Hand Weapons
 h - the +3 quick blade of Tuomiog {vorpal, rF+ rN+ Stlth-}
   (You found it on level 10 of the Dungeon)

   It inflicts extra damage upon your enemies.
   rF:        It protects you from fire.
   rN:        It protects you from negative energy.
   Stlth:     It makes you less stealthy.
 r - a +2 flail of holy wrath
 u - a +5 mace of draining (weapon)
Missiles
 d - 2 throwing nets
 j - 479 stones
 l - 20 poisoned darts
 n - a curare-tipped dart
 p - 4 boomerangs (quivered)
 F - 2 javelins
Armour
 b - a +2 pair of boots (worn)
 c - a +2 hat (worn)
 i - a +2 pair of gloves (worn)
 v - +0 gold dragon scales
 G - +1 acid dragon scales (worn)
 K - a +3 buckler (worn)
 M - a +2 ring mail of fire resistance
 Q - the +1 plate armour of Solemn Knowledge {rElec Will- Str+4}
   (You found it on level 6 of the Lair of Beasts)

   Str:       It affects your strength (+4).
   rElec:     It insulates you from electricity.
   Will:      It decreases your willpower.
 U - +0 fire dragon scales
Jewellery
 f - a +6 ring of strength (left hand)
 k - a ring of protection from fire
 E - a ring of poison resistance
 L - a ring of flight
 N - a ring of see invisible
 T - a +4 ring of evasion (right hand)
Wands
 g - a wand of polymorph (8)
 x - a wand of flame (59)
 y - a wand of iceblast (19)
 B - a wand of charming (10)
 H - a wand of digging (15)
 J - a wand of paralysis (3)
 P - a wand of mindburst (20)
Scrolls
 o - a scroll of magic mapping
 C - a scroll of identify
Potions
 e - a potion of lignification
 O - 2 potions of cancellation
 V - 2 potions of resistance
 Y - 3 potions of ambrosia
Miscellaneous
 S - a tin of tremorstones (2/2)
 W - a condenser vane


   Skills:
 + Level 20.6 Fighting
 - Level 14.0 Maces & Flails
 - Level 5.0 Throwing
 + Level 15.0 Armour
 + Level 6.6 Dodging
 - Level 5.0 Shields
 - Level 7.5 Invocations


You had 13 spell levels left.
You didn't know any spells.
Your spell library contained the following spells:

 Spells                   Type           Power      Damage    Failure   Level
 Sandblast                Erth           0%         2d4       61%         1
 Passwall                 Tmut/Erth      0%         N/A       75%         2
 Confusing Touch          Hex            0%         N/A       93%         3
 Frozen Ramparts          Ice            0%         1d2       93%         3
 Gell's Gravitas          Tloc           0%         N/A       93%         3
 Ozocubu's Armour         Ice            0%         N/A       93%         3
 Stone Arrow              Conj/Erth      0%         3d7       93%         3
 Teleport Other           Tloc           0%         N/A       93%         3
 Ice Form                 Ice/Tmut       0%         N/A       100%        4
 Summon Ice Beast         Ice/Summ       0%         N/A       100%        4
 Metabolic Englaciation   Hex/Ice        0%         N/A       100%        5
 Yara's Violent Unravell  Hex/Tmut       0%         3d3       100%        5
 Dispersal                Tloc           0%         N/A       100%        6
 Simulacrum               Ice/Necr       0%         N/A       100%        6
 Enfeeble                 Hex            0%         N/A       100%        7


Dungeon Overview and Level Annotations

Branches:
Dungeon (12/15)            Temple (0/1) D:5            Lair (6/6) D:9
  Swamp (0/4) Lair:3        Snake (0/4) Lair:4        Slime (0/5) Lair:6
    Orc (0/2) D:12          Sewer (visited)         Volcano (visited)

Altars:
Fedhas
Gozag
Hepliaklqana
Ru
Trog
Uskayaw
Vehumet
Xom
Zin
The Shining One

Shops:
D:6 [   D:7 **(   D:8 *

Annotations:
D:8 exclusion: statue
D:9 exclusion: obsidian statue
Lair:4 exclusion: ice statue
Lair:6 exclusion: 2 oklob plants


Innate Abilities, Weirdness & Mutations

You have a pair of horns on your head.
You reflexively headbutt those who attack you in melee.
You have sharp fingernails.


Message History

The tentacled starspawn tentacle-slaps you!
* * * LOW HITPOINT WARNING * * *
You are more confused.
You feel invigorated. The thrashing horror misses you.
The thrashing horror closely misses you.
The golden eye blinks!
The tentacled starspawn bites you!
* * * LOW HITPOINT WARNING * * *
The tentacled starspawn barely misses you.
The thrashing horror roars!
Really quaff the potion of mutation?
You feel extremely strange.
You feel a little more calm.
You feel stronger.
Your fingernails lengthen.
The golden eye turns its gaze towards you.
The thrashing horror tramples you.
* * * LOW HITPOINT WARNING * * *
You hold your ground!
The thrashing horror tramples you but does no damage.
The tentacled starspawn bites you but does no damage.
The tentacled starspawn closely misses you.
You feel very mighty all of a sudden.
The thrashing horror roars!
The thrashing horror closely misses you. x2
The tentacled starspawn misses you.
The tentacled starspawn tentacle-slaps you!
* * * LOW HITPOINT WARNING * * *
The golden eye blinks at you.
You bump into the rock wall.
The neqoxec gestures at you.
Something tries to feed on your intellect!
The golden eye blinks at you.
You are more confused.
The tentacled starspawn closely misses you.
The tentacled starspawn tentacle-slaps you but does no damage.
The small abomination closely misses you.
A red film seems to cover your vision as you go berserk!
You feel yourself moving faster!
You feel mighty! The golden eye blinks at you.
The small abomination barely misses you.
The tentacled starspawn bites you!!
You die...

#. .....###.
...##.# .##.#.
#.... #.....# #
#... 3 . ..
.##..#..##.#..
..
#.....##.X..#.#
.##.......##...
.##...#3X##..#
...
....G.Xx@#.#
... ###.#######
x .. .. ...


You could see a tentacled starspawn, a thrashing horror, a neqoxec, a small
abomination and a golden eye.

Vanquished Creatures
  An Executioner (Abyss:2)
  Kirke (Lair:4)
  A fire dragon (Volcano)
  6 hydras
  Harold (D:8)
  The ghost of Valamore the Demonic Cataclysm, a journeyman DsFi of Qazlal (Lair:3)
  An ice dragon (Lair:4)
  An ogre mage (D:10)
  12 two-headed ogres
  A catoblepas (Lair:6)
  A thrashing horror (Abyss:2)
  A soul eater (Abyss:2)
  Nergalle (Lair:1)
  A deep elf pyromancer (D:12)
  2 lindwurms
  A wolf spider (D:10)
  4 ugly things
  An oklob plant (Lair:2)
  A worldbinder (Abyss:2)
  3 salamanders (Volcano)
  A manticore (D:11)
  4 cyclopes
  4 elephants (Lair:6)
  7 black mambas
  Joseph (Lair:1)
  A torpor snail (Lair:5)
  A smoke demon (Lair:6)
  11 cane toads
  2 gargoyles
  A rime drake (Lair:1)
  2 unseen horrors (D:11)
  An efreet (D:10)
  18 komodo dragons
  A troll (D:10)
  3 meliai (Lair:4)
  A queen bee (Lair:4)
  6 polar bears
  A hornet (D:11)
  34 blink frogs
  2 slime creatures
  A tarantella (shapeshifter) (D:10)
  A raiju (Abyss:2)
  4 dream sheep (Lair:4)
  3 large abominations (Abyss:2)
  A wraith (D:11)
  10 wyverns
  40 yaks
  A fire elemental (Lair:5)
  A hog (Lair:4)
  2 humans (Lair:4)
  8 fire bats (Volcano)
  2 steam dragons
  A redback (shapeshifter) (Lair:6)
  9 basilisks
  Grum (D:10)
  A chaos spawn (Lair:6)
  A neqoxec (Abyss:2)
  5 vampire mosquitoes
  3 acid dragons
  12 water moccasins
  4 nagas (Lair:4)
  4 orc warriors
  A hornet zombie (D:6)
  2 black bears
  10 ice beasts
  2 sky beasts
  A necrophage (D:6)
  4 ogres
  15 wolves
  8 centaurs
  9 kobold brigands
  2 small abominations
  2 gnoll sergeants (D:8)
  2 scorpions
  14 bullfrogs
  22 killer bees
  3 wights (D:9)
  An electric eel (Lair:1)
  2 howler monkeys
  7 centaur zombies
  A bullfrog zombie (D:6)
  A quasit (Abyss:2)
  8 orc priests
  A hound (D:7)
  A bullfrog skeleton (D:5)
  2 centaur skeletons
  3 iguanas
  2 iron imps (Abyss:2)
  10 orc wizards
  Natasha (D:2)
  2 howler monkey zombies
  3 gnolls (D:5)
  13 adders
  3 river rats
  A shadow imp (D:7)
  3 white imps (Lair:4)
  4 ufetubi
  4 worms
  2 dart slugs
  29 orcs
  9 ball pythons
  6 bats
  15 endoplasms
  8 giant cockroaches
  4 goblins
  3 hobgoblins (D:1)
  4 jackals
  17 kobolds
  6 quokkas
  4 frilled lizards
  10 rats
546 creatures vanquished.

Vanquished Creatures (others)
  A blink frog (Lair:6)
  A human (Lair:4)
  58 fungi
  106 plants
  6 starspawn tentacles (Abyss:2)
172 creatures vanquished.

Grand Total: 718 creatures vanquished

Notes
Turn   | Place    | Note
-------+----------+-------------------------------------------
     0 | D:1      | firemarshallily the Minotaur Gladiator began the quest for
                  | the Orb.
     0 | D:1      | Reached XP level 1. HP: 18/18 MP: 0/0
   266 | D:1      | Reached XP level 2. HP: 23/25 MP: 1/1
   275 | D:1      | Reached skill level 3 in Fighting
   285 | D:1      | Reached skill level 1 in Armour
   355 | D:1      | Found a faded altar of an unknown god.
   362 | D:1      | Prayed at the altar of an unknown god.
   362 | D:1      | Became a worshipper of Uskayaw the Reveller
   362 | D:1      | Reached * piety under Uskayaw
   484 | D:1      | Reached ** piety under Uskayaw
   767 | D:2      | Reached XP level 3. HP: 31/31 MP: 2/2
  1157 | D:2      | Noticed Natasha
  1161 | D:2      | Killed Natasha
  1162 | D:2      | Reached skill level 4 in Fighting
  1162 | D:2      | Reached XP level 4. HP: 40/40 MP: 3/3
  2594 | D:4      | Found a hazy altar of Hepliaklqana.
  2892 | D:4      | Reached XP level 5. HP: 47/47 MP: 4/4
  3231 | D:5      | Entered Level 5 of the Dungeon
  3448 | D:5      | Found a staircase to the Ecumenical Temple.
  3545 | D:5      | Reached skill level 5 in Fighting
  3641 | D:5      | Reached *** piety under Uskayaw
  3643 | D:5      | Reached skill level 5 in Maces & Flails
  3647 | D:5      | Reached **** piety under Uskayaw
  3704 | D:5      | Found a glowing drain.
  3713 | Sewer    | Entered a sewer
  3743 | Sewer    | Reached XP level 6. HP: 54/56 MP: 5/5
  3776 | Sewer    | Reached skill level 6 in Fighting
  4027 | Sewer    | Reached XP level 7. HP: 60/64 MP: 6/6
  4063 | Sewer    | Reached skill level 7 in Fighting
  4379 | Sewer    | Reached skill level 5 in Armour
  4573 | D:5      | Reached skill level 8 in Fighting
  4625 | D:5      | Identified the +0 robe of Insecurity {Rampage rN+}
  4643 | D:5      | Reached XP level 8. HP: 74/74 MP: 7/7
  4690 | D:5      | Found an opulent altar of Gozag.
  5062 | D:6      | Found Jufunk's Armour Shop.
  5338 | D:6      | Reached skill level 9 in Fighting
  5791 | D:6      | Found a glowing silver altar of Zin.
  6014 | D:6      | Reached skill level 10 in Fighting
  6567 | D:6      | Reached XP level 9. HP: 24/85 MP: 8/8
  6896 | D:7      | Found Qoicil's Weapon Emporium.
  6899 | D:7      | Found Bujavvad's Assorted Antiques.
  6907 | D:7      | Bought a large granite ring for 125 gold pieces
  7277 | D:7      | Found Cudoesh's Assorted Antiques.
  7291 | D:7      | Found a bloodstained altar of Trog.
  7534 | D:7      | Reached skill level 11 in Fighting
  8332 | D:8      | Found Zibbog's General Store.
  8414 | D:8      | Bought a scroll of identify for 32 gold pieces
  8414 | D:8      | Bought a potion of haste for 160 gold pieces
  8904 | D:8      | Noticed Harold
  8924 | D:8      | Killed Harold
  8925 | D:8      | Reached skill level 12 in Fighting
  8925 | D:8      | Reached XP level 10. HP: 48/99 MP: 9/9
  9636 | D:8      | Found a radiant altar of Vehumet.
  9862 | D:9      | Found a staircase to the Lair.
  9867 | D:9      | Reached skill level 1 in Shields
  9887 | D:9      | Reached ***** piety under Uskayaw
  9894 | D:9      | Reached ****** piety under Uskayaw
  9895 | D:9      | Reached skill level 13 in Fighting
 10204 | D:9      | Reached skill level 10 in Maces & Flails
 10300 | D:9      | Noticed an obsidian statue
 10497 | D:9      | Noticed a two-headed ogre
 10512 | D:9      | Killed a two-headed ogre
 10878 | D:9      | Found a sacrificial altar of Ru.
 10878 | D:9      | Noticed a purple ugly thing
 10892 | D:9      | Killed a purple ugly thing
 11092 | D:9      | Found a glowing golden altar of the Shining One.
 11248 | D:9      | Reached skill level 14 in Fighting
 11538 | D:10     | Entered Level 10 of the Dungeon
 11627 | D:10     | Reached XP level 11. HP: 98/110 MP: 10/10
 11676 | D:10     | Noticed a two-headed ogre
 11687 | D:10     | Killed a two-headed ogre
 11688 | D:10     | Reached skill level 10 in Armour
 11693 | D:10     | Noticed a tengu warrior
 11695 | D:10     | Noticed a wolf spider
 11708 | D:10     | Killed a wolf spider
 11716 | D:10     | HP: 8/166 [tengu warrior/the +7 sceptre of Torment {pain,
                  | torment} (12)]
 12911 | D:10     | Reached skill level 5 in Shields
 12940 | D:10     | Noticed a four-headed hydra
 13267 | D:10     | Killed a four-headed hydra
 13313 | D:10     | Noticed a purple ugly thing
 13323 | D:10     | Killed a purple ugly thing
 13558 | D:10     | Found a runed translucent door.
 13558 | D:10     | Noticed an ogre mage
 13560 | D:10     | Found a runed translucent door.
 13581 | D:10     | Identified the +3 quick blade of Tuomiog {vorpal, rF+ rN+
                  | Stlth-}
 13660 | D:10     | Killed an ogre mage
 13661 | D:10     | Reached skill level 15 in Fighting
 13879 | D:10     | Noticed Grum
 13892 | D:10     | Killed Grum
 14146 | D:10     | Found a hide-covered altar of Uskayaw.
 14298 | D:11     | Noticed a purple ugly thing
 14469 | D:11     | Killed a purple ugly thing
 14986 | D:11     | Reached skill level 16 in Fighting
 14986 | D:11     | Noticed a two-headed ogre
 14990 | D:11     | Killed a two-headed ogre
 14991 | D:11     | Reached XP level 12. HP: 71/122 MP: 11/11
 14994 | D:11     | Paralysed by a hornet for 2 turns
 14998 | D:11     | Noticed an eight-headed hydra
 15433 | D:11     | Killed an eight-headed hydra
 16090 | D:12     | Noticed a two-headed ogre
 16102 | D:12     | Killed a two-headed ogre
 16103 | D:12     | Reached skill level 1 in Invocations
 16482 | D:12     | Reached skill level 17 in Fighting
 16522 | D:12     | Found a staircase to the Orcish Mines.
 16608 | D:12     | Found a blossoming altar of Fedhas.
 17430 | Lair:1   | Entered Level 1 of the Lair of Beasts
 17464 | Lair:1   | Found a dark tunnel.
 17626 | Volcano  | Entered a volcano
 17630 | Volcano  | Noticed a two-headed ogre
 17630 | Volcano  | Noticed a two-headed ogre
 17635 | Volcano  | Killed a two-headed ogre
 17638 | Volcano  | Killed a two-headed ogre
 17664 | Volcano  | Noticed a two-headed ogre
 17669 | Volcano  | Killed a two-headed ogre
 17943 | Volcano  | Noticed a two-headed ogre
 17944 | Volcano  | Noticed a two-headed ogre
 17954 | Volcano  | Killed a two-headed ogre
 17956 | Volcano  | Killed a two-headed ogre
 17962 | Volcano  | Reached skill level 18 in Fighting
 17988 | Volcano  | Noticed a two-headed ogre
 17994 | Volcano  | Noticed a two-headed ogre
 17997 | Volcano  | Reached XP level 13. HP: 97/134 MP: 15/15
 18553 | Volcano  | Noticed a fire dragon
 18624 | Volcano  | Killed a fire dragon
 18625 | Volcano  | Reached skill level 5 in Invocations
 19283 | Lair:1   | Noticed Joseph
 19292 | Lair:1   | Killed Joseph
 19422 | Lair:1   | Noticed Nergalle
 19434 | Lair:1   | Killed Nergalle
 20546 | Lair:2   | Found a shimmering altar of Xom.
 20577 | Lair:2   | Reached skill level 5 in Dodging
 21036 | Lair:2   | Reached skill level 19 in Fighting
 21557 | Lair:3   | Found a transporter.
 22168 | Lair:3   | Reached skill level 5 in Throwing
 22350 | Lair:3   | Found a transporter.
 22561 | Lair:3   | Found a staircase to the Swamp.
 22633 | Lair:3   | Noticed Valamore's ghost (journeyman DsFi)
 23094 | Lair:3   | Reached XP level 14. HP: 107/146 MP: 16/16
 23390 | Lair:3   | Killed Valamore's ghost
 24634 | Lair:4   | Found a staircase to the Snake Pit.
 24756 | Lair:4   | Identified the +2 leather armour of Spite {rN+ Str-5 SInv}
 25808 | Lair:4   | Noticed Kirke
 25822 | Lair:4   | Killed Kirke
 26422 | Lair:5   | Reached skill level 20 in Fighting
 26952 | Lair:6   | Entered Level 6 of the Lair of Beasts
 27348 | Lair:6   | Found a staircase to the Slime Pits.
 28081 | Lair:6   | Reached skill level 15 in Armour
 28382 | Lair:6   | Identified the +1 plate armour of Solemn Knowledge {rElec
                  | Will- Str+4}
 28502 | Lair:6   | Cast into level 1 of the Abyss (spriggan)
 28538 | Abyss:2  | Noticed an Executioner
 28552 | Abyss:2  | Killed an Executioner
 28674 | Abyss:2  | Noticed a starcursed mass
 28786 | Abyss:2  | Noticed a bone dragon
 28947 | Abyss:2  | Noticed a tentacled starspawn
 28980 | Abyss:2  | Gained mutation: You tend to lose your temper in combat. [a
                  | neqoxec]
 28981 | Abyss:2  | Gained mutation: You are weak. (Str -2) [a neqoxec]
 29003 | Abyss:2  | Lost mutation: You tend to lose your temper in combat.
                  | [potion of mutation]
 29003 | Abyss:2  | Lost mutation: You are weak. (Str -2) [potion of mutation]
 29003 | Abyss:2  | Gained mutation: You have sharp fingernails. [potion of
                  | mutation]
 29006 | Abyss:2  | Slain by a tentacled starspawn

Illustrated notes

Levels and vault maps discovered:
D:1:      psy_arrival_statuary, layout_rooms, dilly_ecumenical_altar_fadedgnrine
D:2:      layout_basic, minmay_worlds_worst_comb, uniq_natasha
D:3:      layout_basic
D:4:      layout_basic, nicolae_hepliaklqana_hippocampus
D:5:      layout_gridville, mainiacjoe_overflow_alcove_2,
          minmay_temple_entry_nine_rooms, lightli_sewer_entry_pipes,
          kennysheep_boxes
D:6:      layout_cave_pods, mainiacjoe_overflow_brackets, serial_shops,
          nicolae_shop_stone, minivault_26, grunt_ministairs_3,
          minmay_misc_feat_five
D:7:      layout_loops_corners, old_standard_altar, serial_shops,
          nicolae_stop_n_shop_1, shop, nicolae_shop_crystal, minmay_holes
D:8:      layout_loops_ring, vehumet_statue, nicolae_inconvenience_store,
          wad_rectangle_vault, uniq_harold
D:9:      layout_loops_cross, due_lair_maze_entry_diamond,
          hangedman_feature_mirror, kennysheep_donut, minivault_16
D:10:     minmay_the_grid_triangle_9x9_rhombus_thin_mashed
          [minmay_the_grid_triangle_9x9_tough_junction,
          minmay_the_grid_triangle_9x9_prize_insulated,
          minmay_the_grid_triangle_9x9_wacky_v,
          minmay_the_grid_triangle_9x9_descending_squares], layout_rooms,
          lemuel_doored_altar, uniq_grum
D:11:     layout_rooms, grunt_ministairs_1, minmay_alternating_orb
D:12:     layout_loops_ring, david_orc_2, fedhas_ov_isle_minmay
Lair:1:   layout_chaotic_city, nicolae_volcano_entry_vermiform,
          infiniplex_staircase_pool_2, serial_bayou_shore_a, uniq_joseph,
          uniq_nergalle
Lair:2:   dpeg_oklob_shooting_range, layout_regular_city, basic_altar,
          lemuel_fruit_fields, grunt_megastairs_2
Lair:3:   layout_regular_city, swamp_mist_pool, nzn_ghost_randoct,
          grunt_megastairs_4
Lair:4:   layout_roguey [special_room_bee], minmay_snake_entry_guardpost_small,
          ice2_lemuel, lemuel_fruit_fields, uniq_kirke
Lair:5:   layout_gridlike, nicolae_lair_lindhole
Lair:6:   hellmonk_lair_end_abyssal_woods, layout_loops_ring,
          minmay_slime_entry_oklob_enclosed
Abyss:2:  base: Lair:4, evilmike_abyss_exit_15, evilmike_abyss_exit_glass,
          hangedman_abyss_or_decor_stagger, evilmike_abyss_exit_4,
          evilmike_abyss_exit_11, hangedman_shadowy_showcase,
          hangedman_decor_peaks_small, hangedman_decor_peaks_small,
          evilmike_abyss_exit_3, hangedman_abyss_monster_moat,
          hangedman_summoners_spam

Skill      XL: |  1  2  3  4  5  6  7  8  9 10 11 12 13 14 |
---------------+-------------------------------------------+-----
Fighting       | 3 4 5 6 8 10 12 14 16 18 19 20 | 20.6
Armour         | 1 2 3 4 5 6 8 9 11 12 13 15 | 15.0
Maces & Flails | 4 5 6 7 9 10 12 13 14 | 14.0
Shields        | 4 5 |  5.0
Invocations    | 4 5 7 |  7.5
Dodging        | 6 |  6.6
Throwing       | 5 |  5.0

Action                   |  1- 3 |  4- 6 |  7- 9 | 10-12 | 13-15 || total
-------------------------+-------+-------+-------+-------+-------++-------
Melee: Flail             |    19 |       |   109 |   252 |       ||   380
       Headbutt          |    12 |    16 |    54 |   121 |   228 ||   431
       Mace              |    56 |   150 |   177 |   262 |   907 ||  1552
       Punch             |     1 |     1 |     3 |       |       ||     5
Throw: Boomerang         |       |     6 |    20 |    19 |     6 ||    51
       Dart              |       |       |     7 |    29 |     1 ||    37
       Throwing net      |       |       |     1 |     2 |       ||     3
       Javelin           |       |       |       |     8 |     2 ||    10
Invok: Stomp             |       |       |       |       |     4 ||     4
  Use: Scroll            |     4 |    12 |     5 |     8 |    19 ||    48
       Potion            |       |       |     5 |     9 |    20 ||    34
 Stab: Paralysed         |       |     1 |     5 |    30 |    67 ||   103
       Held in net/web   |       |       |     1 |       |       ||     1
       Invisible         |       |       |       |       |     3 ||     3
       Petrified         |       |       |       |       |     2 ||     2
Armor: Leather armour    |    20 |       |       |       |       ||    20
       Ring mail         |       |    68 |   115 |   216 |    22 ||   421
       Skin              |       |       |       |    26 |    17 ||    43
       Acid dragon scale |       |       |       |    33 |   332 ||   365
       Gold dragon scale |       |       |       |       |    15 ||    15
Dodge: Dodged            |    53 |   105 |   146 |   261 |   474 ||  1039
Block: Buckler           |       |       |       |   106 |   270 ||   376
